 Dungeon Crawl Stone Soup version 0.22-a0-567-gff9aefc (webtiles) character file.

613 Hebeh the Chopper (level 7, 0/61 HPs)
             Began as a Minotaur Fighter on June 29, 2018.
             Slain by a big kobold (5 damage)
             ... on level 4 of the Dungeon.
             The game lasted 00:11:19 (3118 turns).

Hebeh the Chopper (Minotaur Fighter)                Turns: 3118, Time: 00:11:20

Health: 0/61       AC:  8    Str: 23    XL:     7   Next: 20%
Magic:  6/6        EV:  8    Int:  5    God:
Gold:   200        SH: 10    Dex:  9    Spells: 6/6 levels left

rFire    . . .     SeeInvis .   a - +0 war axe
rCold    . . .     Gourm    .   c - +0 shield
rNeg     . . .     Faith    .   b - +0 scale mail
rPois    .         Spirit   .   (helmet restricted)
rElec    .         Reflect  .   (no cloak)
rCorr    .         Harm     .   (no gloves)
MR       .....                  h - +0 pair of boots
Stlth    ..........             (no amulet)
HPRegen  0.20/turn              (no ring)
MPRegen  0.10/turn              (no ring)

@: no status effects
A: retaliatory headbutt, horns 2
a: no special abilities


You were on level 4 of the Dungeon.
You were not hungry.

You visited 2 branches of the dungeon, and saw 5 of its levels.

You collected 200 gold pieces.

Inventory:

Hand Weapons
 a - a +0 war axe (weapon)
Armour
 b - a +0 scale mail (worn)
 c - a +0 shield (worn)
 h - a +0 pair of boots (worn)
Jewellery
 g - an uncursed amulet of regeneration {unknown}
 j - a +6 ring of protection {unknown}
 k - an uncursed amulet of guardian spirit {unknown}
Scrolls
 e - 2 scrolls of amnesia {unknown}
 i - 4 scrolls of immolation {unknown}
 m - 3 scrolls of identify {unknown}
 o - 3 scrolls of magic mapping {unknown}
 q - a scroll of blinking {unknown}
Potions
 d - 2 potions of might
 l - a potion of curing {unknown}
 n - 2 potions of lignification {unknown}
 p - a potion of ambrosia {unknown}
 r - 2 potions of mutation {unknown}
Comestibles
 f - 6 rations
 s - a chunk of flesh


   Skills:
 + Level 5.5 Fighting
 * Level 6.3 Axes
 + Level 5.4 Armour
 + Level 5.5 Shields


You had 6 spell levels left.
You didn't know any spells.
Your spell library was empty.

Dungeon Overview and Level Annotations

Branches:
Dungeon (4/15)             Temple (1/1) D:4

Altars:
Cheibriados
Dithmenos
Elyvilon
Fedhas
Hepliaklqana
Makhleb
Nemelex Xobeh
Qazlal
Sif Muna
Uskayaw
Vehumet
Xom
Yredelemnul
Zin
The Shining One

Annotations:
D:4 1 runed door, 1 transporter


Innate Abilities, Weirdness & Mutations

You reflexively headbutt those who attack you in melee.
You have a pair of horns on your head.


Message History

You are too injured to fight recklessly!
Unknown command.
You are too injured to fight recklessly!
Unknown command.
You are too injured to fight recklessly!
Unknown command.
You are too injured to fight recklessly!
You hit the big kobold but do no damage.
The big kobold is moderately wounded.
You hit the cyclops. You block the big kobold's attack.
You block the cyclops's attack.
You hit the big kobold.
The big kobold is moderately wounded.
You hit the cyclops.
The big kobold hits you but does no damage.
You block the cyclops's attack.
You closely miss the big kobold.
The big kobold is moderately wounded.
You barely miss the cyclops. The big kobold hits you.
You die...

........#.# ..>..⌠.....
###########
.......#...##......... .
#...#### ..#..####### #.
#.⌠.# #.##..... .##
#...# #.#8..#.#.. #
....# ##.#..#...#)$#
....## ##..#.†K....?_#
.....## ##..©#..@....$_#
......###....#..C)...[_#
.............#..#...#$$#
.............#8..#.#.. #
.....###+#...##...©. .##
.....# +.#..####### #.
..#.># ####......... .
...... ########### .....


You could see a cyclops and a big kobold.

Vanquished Creatures
  Sigmund (D:2)
  Eustachio (D:4)
  A scorpion (D:3)
  A howler monkey (D:3)
  An orc priest (D:3)
  Jessica (D:2)
  An orc wizard (D:3)
  3 worker ants (D:4)
  3 adders
  An ooze (D:3)
  An adder skeleton (D:4)
  2 worms
  2 dart slugs
  A leopard gecko (D:1)
  7 orcs
  8 bats
  2 giant cockroaches (D:4)
  5 goblins
  5 hobgoblins
  A ball python (D:2)
  5 frilled lizards
  A jackal zombie (D:4)
  4 kobolds
  3 rats (D:1)
61 creatures vanquished.

Notes
Turn   | Place    | Note
-------+----------+-------------------------------------------
     0 | D:1      | Hebeh the Minotaur Fighter began the quest for the Orb.
     0 | D:1      | Reached XP level 1. HP: 19/19 MP: 0/0
   670 | D:2      | Reached XP level 2. HP: 27/27 MP: 1/1
   677 | D:2      | Reached skill level 3 in Axes
   702 | D:2      | Noticed Jessica
   711 | D:2      | Killed Jessica
   711 | D:2      | Reached XP level 3. HP: 19/33 MP: 2/2
  1126 | D:2      | Found a deep blue altar of Sif Muna.
  1254 | D:2      | Found a blossoming altar of Fedhas.
  1389 | D:2      | Noticed Sigmund
  1400 | D:2      | Killed Sigmund
  1400 | D:2      | Reached skill level 4 in Axes
  1400 | D:2      | Reached XP level 4. HP: 31/41 MP: 3/3
  1400 | D:2      | Reached XP level 5. HP: 36/47 MP: 4/4
  1560 | D:3      | Reached skill level 5 in Axes
  1560 | D:3      | Reached XP level 6. HP: 50/55 MP: 5/5
  1618 | D:3      | Reached skill level 5 in Fighting
  1628 | D:3      | Reached skill level 5 in Shields
  1980 | D:3      | Reached skill level 5 in Armour
  2607 | D:4      | Found a staircase to the Ecumenical Temple.
  2623 | Temple   | Entered the Ecumenical Temple
  2930 | D:4      | Noticed Eustachio
  2938 | D:4      | Killed Eustachio
  2938 | D:4      | Reached skill level 6 in Axes
  2938 | D:4      | Reached XP level 7. HP: 56/61 MP: 6/6
  3001 | D:4      | Found a runed door.
  3001 | D:4      | Noticed a human
  3006 | D:4      | Found a basalt altar of Yredelemnul.
  3025 | D:4      | Found a white marble altar of Elyvilon.
  3101 | D:4      | Found a transporter.
  3108 | D:4      | Found a transporter.
  3108 | D:4      | Noticed a cyclops
  3111 | D:4      | Found a basalt altar of Yredelemnul.
  3111 | D:4      | Found a snail-covered altar of Cheibriados.
  3111 | D:4      | Found a glowing golden altar of the Shining One.
  3118 | D:4      | Slain by a big kobold

Vault maps used:
D:1:      lightli_arrival_farm, kennysheep_small_spiral, lemuel_old_faithful
D:2:      cheibrodos_old_hovel, fedhas_altar_3, lemuel_round_altar,
          uniq_sigmund, uniq_jessica
D:3:      kennysheep_generic_room_12
D:4:      kennysheep_mini, nicolae_ru_the_path_less_chosen, marbit_many_paths,
          nicolae_overflow_crystal_walls, gammafunk_temple_overflow_arena,
          minmay_temple_entry_junction, dk_yredelemnul_ordeal, uniq_eustachio
Temple:   compressed_dpeg_triangle_lava_temple

Skill      XL: |  1  2  3  4  5  6 |
---------------+-------------------+-----
Axes           | 3 4 5 6 |  6.3
Fighting       | 4 5 |  5.5
Armour         | 4 5 |  5.4
Shields        | 4 5 |  5.5

Action                   |  1- 3 |  4- 6 |  7- 9 || total
-------------------------+-------+-------+-------++-------
Melee: War axe           |    77 |    92 |    12 ||   181
       Headbutt          |     6 |    11 |     1 ||    18
  Eat: Chunk             |     2 |     4 |     1 ||     7
Armor: Scale mail        |    39 |    35 |     7 ||    81
Dodge: Dodged            |    24 |    27 |     9 ||    60
Block: Shield            |    37 |    45 |     8 ||    90

Table legend:
 A = Spawn XP
 B = Non-spawn XP
 C = Spawn XP percentage of total XP
 D = Spawn monster count
 E = Non-spawn monster count
 F = Spawn count percentage of total count
 G = Total turns spent on level
                    A         B        C        D         E        F      G
               +---------+---------+-------+---------+---------+-------+---------
         Total |       0 |     877 |   0.0 |       0 |      61 |   0.0 |  3118
               +---------+---------+-------+---------+---------+-------+---------
           D:1 |       0 |      11 |   0.0 |       0 |       8 |   0.0 |   654
           D:2 |       0 |     293 |   0.0 |       0 |      17 |   0.0 |   895
           D:3 |       0 |     261 |   0.0 |       0 |      25 |   0.0 |   854
           D:4 |       0 |     312 |   0.0 |       0 |      11 |   0.0 |   427
               +---------+---------+-------+---------+---------+-------+---------
